 Dungeon Crawl Stone Soup version 0.29.1-12-g30fa7ad0bf (webtiles) character file.

Game seed: 6306921628968028936

21 xzight the Ruffian (level 2, 29/29 HPs)
             Began as a Troll Berserker on Dec 23, 2022.
             Was a Follower of Trog.
             Quit the game on level 1 of the Dungeon on Dec 24, 2022.
             The game lasted 00:01:18 (326 turns).

xzight the Ruffian (Troll Berserker)                 Turns: 326, Time: 00:01:19

Health: 29/29      AC:  4    Str: 24    XL:     2   Next: 65%
Magic:  1/1        EV: 10    Int:  3    God:    Trog [*.....]
Gold:   32         SH:  0    Dex:  9    Spells: 1/1 levels left

rFire   . . .      SeeInvis .     - Unarmed
rCold   . . .      Faith    .   (no shield)
rNeg    . . .      Spirit   .   a - +0 animal skin
rPois   .          Reflect  .   (helmet restricted)
rElec   .          Harm     .   (no cloak)
rCorr   .          Rampage  .   (gloves unavailable)
Will    .....                   (boots unavailable)
Stlth   +.........              (no amulet)
HPRegen 0.89/turn               (no ring)
MPRegen 0.07/turn               (no ring)

@: no status effects
A: large, unfitting armour, claws 3, regeneration 1, shaggy fur 1, tough skin 1
a: Renounce Religion, Berserk


You were on level 1 of the Dungeon.
You worshipped Trog.
Trog was aware of your devotion.
You visited 1 branch of the dungeon, and saw 1 of its levels.

You collected 32 gold pieces.


Innate Abilities, Weirdness & Mutations

You are too large for most types of armour.
You have claws for hands.
Your natural rate of healing is unusually fast.
You are covered in fur. (AC +1)
You have tough skin. (AC +1)


   Skills:
 + Level 2.9 Fighting
 - Level 2.4 Dodging
 + Level 3.5 Unarmed Combat


You had one spell level left.
You didn't know any spells.
Your spell library was empty.

Inventory:

Armour
 a - a +0 animal skin (worn)
Scrolls
 b - 2 scrolls of identify {unknown}
 d - a scroll of vulnerability {unknown}
 e - a scroll of fear {unknown}
 f - a scroll of teleportation {unknown}
Potions
 c - a potion of curing {unknown}

Dungeon Overview and Level Annotations

Branches:
Dungeon (1/15)

Altars:
P.P♣♣.P# #.........#.### #...# P...♣P. #.#####..##.# #.#.# .♣P♣.P #..###.# ##.#.# PP♣P♣

. #..# #.####..#.# ########.#
###.## #.##...##.#
.........#.###...####....####.#
...##...............##..## .#
........#.##.......?##..# ..
....#####.......@...##..# ....#
..#.#..)...##..# ...## .
#.#......###.# ....#####.#.
#......# #.# .........##
#........... ....####....
#...)....... ...## .
#..:....... ..## #......####
###


There were no monsters in sight!


Message History

Found a scroll labelled QYINNO MOOSEIR.
A kobold comes into view. It is wielding a +0 dagger.
Found a quarterstaff.
The kobold shouts!
Found a book of Geomancy.
The gnoll hits you but does no damage.
You scratch the gnoll.
The gnoll is lightly wounded.
The gnoll completely misses you.
You barely miss the gnoll.
The gnoll is lightly wounded.
You claw the gnoll!
You kill the gnoll!
Trog accepts your kill. The kobold hits you but does no damage.
You see here a +0 club.
You claw the kobold!
You kill the kobold!
Trog accepts your kill.
No target in view!
No target in view!
Unknown command.
Unknown command.
Unknown command.
Unknown command.
Unknown command.
Saving game... please wait.
Welcome back, xzight the Troll Berserker.
Trog says: Kill them all!
Press ? for a list of commands and other information.
Are you sure you want to abandon this character and quit the game? (Confirm with "yes".)

Action                   || total
-------------------------++-------
Melee: Unarmed           ||    21
Armor: Animal skin       ||     5
Dodge: Dodged            ||     7

Levels and vault maps discovered:
D:1:      minmay_arrival_arboretum_small, layout_rooms, grunt_decor_arrowhead

Notes
Turn   | Place    | Note
-------+----------+-------------------------------------------
     0 | D:1      | xzight the Troll Berserker began the quest for the Orb.
     0 | D:1      | Reached XP level 1. HP: 22/22 MP: 0/0
   181 | D:1      | Reached XP level 2. HP: 29/29 MP: 1/1
   326 | D:1      | Quit the game

Vanquished Creatures
  A gnoll (D:1)
  A ball python (D:1)
  A goblin (D:1)
  3 hobgoblins (D:1)
  2 kobolds (D:1)
  A quokka (D:1)
  2 rats (D:1)
11 creatures vanquished.

Table legend: (Time is in decaauts)
 A = Elapsed time spent in this place.
 B = Non-inter-level travel time spent in this place.
 C = Inter-level travel time spent in this place.
 D = Time resting spent in this place.
 E = Time spent auto-exploring this place.
 F = Levels seen in this place.
 G = Mean time per level.
                   A        B        C        D        E       F      G
               +--------+--------+--------+--------+--------+-----+--------+
         Total |    324 |    324 |      0 |      0 |    256 |   1 |  324.0 |
       Dungeon |    324 |    324 |      0 |      0 |    256 |   1 |  324.0 |
               +--------+--------+--------+--------+--------+-----+--------+

Top non-repeatable levels by time:
     D:1: 324 daAuts

Table legend:
 A = Non-vault XP
 B = Vault XP
 C = Vault XP percentage of total XP
 D = Non-vault monster count
 E = Vault monster count
 F = Vault count percentage of total count
                 A         B        C        D         E       F
            +---------+---------+-------+---------+---------+-------
      Total |      31 |       0 |   0.0 |      11 |       0 |   0.0
            +---------+---------+-------+---------+---------+-------
        D:1 |      31 |       0 |   0.0 |      11 |       0 |   0.0
            +---------+---------+-------+---------+---------+-------
